 Dungeon Crawl Stone Soup version 0.31-a0-1025-g2e47921a08 (webtiles) character file.

Game seed: 16110742966220524683

441 kae the Vexing (level 6, 0/41 HPs)
             Began as a Demonspawn Enchanter on Nov 17, 2023.
             Slain by an ogre
             ... wielding a +0 giant club
              (11 damage)
             ... on level 5 of the Dungeon.
             The game lasted 00:04:57 (4445 turns).

kae the Vexing (Demonspawn Enchanter)               Turns: 4445, Time: 00:04:57

Health: 0/41       AC:  4    Str: 11    XL:     6   Next: 71%
Magic:  6/10       EV: 12    Int: 16    God:
Gold:   173        SH:  0    Dex: 13    Spells: 0/11 levels left

rFire   . . .        a - +2 dagger
rCold   . . .        (no shield)
rNeg    . . .        b - +1 robe
rPois   .            (helmet restricted)
rElec   .            l - +0 cloak
rCorr   .            (no gloves)
SInv    .            (no boots)
Will    .....        (no amulet)
Stlth   ++           (no ring)
HPRegen 0.26/turn    (no ring)
MPRegen 0.12/turn

%: no passive effects
@: no status effects
A: horns 2, foul stench 2
a: no special abilities


You were on level 5 of the Dungeon.
You visited 1 branch of the dungeon, and saw 5 of its levels.
You also visited: Sewer.

You collected 194 gold pieces.
You spent 21 gold pieces at shops.


Innate Abilities, Weirdness & Mutations

You have a pair of horns on your head.
You sometimes emit foul miasma when damaged in melee.


   Skills:
 * Level 3.3 Short Blades
 - Level 1.7 Dodging
 + Level 3.8 Stealth
 + Level 3.2 Spellcasting
 * Level 4.6 Hexes
 + Level 1.9 Ice Magic


You couldn't memorise any spells.
You knew the following spells:

 Your Spells              Type           Power      Damage    Failure   Level
a - Ensorcelled Hibernat  Hex/Ice        26%        N/A       7%          2
b - Confusing Touch       Hex            17%        N/A       9%          3
c - Tukima's Dance        Hex            17%        N/A       9%          3
d - Dazzling Flash        Conj/Hex       20%        N/A       22%         3

Your spell library contained the following spells:

 Spells                   Type           Power      Damage    Failure   Level
 Summon Forest            Summ/Tloc      1%         N/A       99%         5
 Eringya's Noxious Bog    Tmut/Pois      1%         4d6       100%        6
 Summon Hydra             Summ           1%         N/A       100%        7

Inventory:

Hand Weapons
 a - a +2 dagger (weapon)
Missiles
 f - 48 stones
Armour
 b - a +1 robe (worn)
 l - a +0 cloak (worn)
   (You found it on level 5 of the Dungeon)
Magical Staves
 u - a staff of poison {!a}
   (You found it on level 5 of the Dungeon)
Jewellery
 g - an amulet of regeneration
   (You found it on level 2 of the Dungeon)
 G - an amulet of guardian spirit
   (You found it on level 5 of the Dungeon)
Wands
 k - a wand of mindburst (3)
   (You found it on level 4 of the Dungeon)
 r - a wand of polymorph (5)
   (You found it on level 5 of the Dungeon)
Scrolls
 m - a scroll of enchant weapon
 n - 3 scrolls of teleportation {@r4}
 s - a scroll of torment {unknown}
 t - a scroll of poison {!r}
Potions
 c - 2 potions of invisibility
 d - a potion of heal wounds {unknown}
 e - a potion of ambrosia {unknown}
 h - 3 potions of lignification {!q}
 i - 3 potions of curing {@q1}
 j - 2 potions of might {unknown}
 o - 3 potions of haste {unknown}
 p - 4 potions of enlightenment {unknown}
 q - a potion of resistance {unknown}

Dungeon Overview and Level Annotations

Branches:
Dungeon (5/15) Zot: 26087   Sewer (visited)
 Temple: D:4-7

Altars:
Okawaru
Yredelemnul

Shops:
D:1 *?   D:2 [

Annotations:
D:3 Grinder

#....#.......+ ...
#.......# ########..
+.......# #........
#######.#
#.......##+##..####.##
####.......+.........'..+
...........#....)....#..#
...........########..#..#
......☞O@...........#####
....................#
###########.........#
........#.........###
........##'#####....#
..............#....##
..............'....#
####################


You could see an ogre (poisoned).


Message History

You hit the ice beast but do no damage.
You headbutt the ice beast, but do no damage.
The ice beast completely misses you.
You hit the ice beast.
The ice beast hits you but does no damage. 😕 HP[+1] Unknown command.
You hit the ice beast but do no damage. You barely miss the ice beast.
You headbutt the ice beast. The ice beast hits you. The ice beast freezes you!
You emit a cloud of foul miasma! ðŸ˜Ū HP[-12]
You take 12 damage, and now have 23/41 hp.
MASSIVE DAMAGE!! (PAUSE)
You hit the ice beast. Your headbutt misses the ice beast.
The ice beast is engulfed in dark miasma. ðŸ˜Ū HP[+1]
The ice beast hits you. The ice beast freezes you!
* * * LOW HITPOINT WARNING * * *
Unknown command. ðŸ˜Ļ HP[-11]
You take 11 damage, and now have 13/41 hp.
MASSIVE DAMAGE!! (PAUSE)
You catch the helpless ice beast completely off-guard!
You puncture the ice beast!
You kill the ice beast! ðŸ˜Ļ MP[+1] ðŸ˜Ļ HP[+1]
You see here a +0 cloak. ðŸ˜Ļ HP[+1]
l - a +0 cloak You start putting on your armour.
You continue putting on your +0 cloak. x4
You finish putting on your +0 cloak. ðŸ˜Ļ HP[+1] MP[+1]
Your mp is fully restored (10).
r - a wand of polymorph (5) 😎 HP[+25]
Your hp is fully restored (41).
s - a scroll labelled KAUSUSCH KIDUF No target in view!
No target in view!
You open the door.
There is an open door here.
t - a scroll of poison {!r} No target in view!
No target in view!
u - a staff of poison {!a} No target in view!
No target in view!
You open the door.
There is an open door here.
G - an amulet of guardian spirit No target in view!
No target in view!
You open the door.
There is an open door here.
An adder comes into view.
An adder is nearby!
An adder is nearby!
An adder is nearby!
The helpless adder fails to defend itself.
You impale the adder!!
You kill the adder!
No target in view!
No target in view!
No target in view!
You open the door.
There is an open door here.
An ogre comes into view. It is wielding a +0 giant club.
The ogre shouts!
An ogre is nearby!
An ogre is nearby!
The ogre misses you.
You hit the ogre.
The ogre hits you with a +0 giant club!!
Ouch! That really hurt!
* * * LOW HITPOINT WARNING * * *
You emit a cloud of foul miasma! ðŸ˜Ļ HP[-30]
You take 30 damage, and now have 11/41 hp.
MASSIVE DAMAGE!! (PAUSE)
Casting: Confusing Touch (dangerous; 9% risk of failure)
Confirm with . or Enter, or press ? or * to list all spells.
Aiming: Ensorcelled Hibernation (safe; 7% risk of failure)
Press: ? - help, Shift-Dir - straight line, f - ogre
Aim: an ogre, wielding a +0 giant club (foul pestilence, lightly wounded, chance to affect: 47%)
The ogre resists with some effort. ðŸ˜Ļ MP[-2]
You lost 2 mp, and now have 8/10 mp.
The ogre is engulfed in dark miasma.
The ogre is poisoned.
The ogre seems to slow down.
Unknown command.
Casting: Ensorcelled Hibernation (safe; 7% risk of failure)
Confirm with . or Enter, or press ? or * to list all spells.
Aiming: Ensorcelled Hibernation (safe; 7% risk of failure)
Press: ? - help, Shift-Dir - straight line, f/p - ogre
Aim: an ogre, wielding a +0 giant club (moderately wounded, poisoned, slow, chance to affect: 47%)
The ogre resists with some effort.
The ogre is no longer moving slowly.
The ogre hits you with a +0 giant club!
You die...

Skill      XL: |  1  2  3  4  5 |
---------------+----------------+-----
Short Blades   | 1 2 3 |  3.3
Stealth        | 3 |  3.8
Ice Magic      | 1 |  1.9
Hexes          | 4 |  4.6
Spellcasting   | 3 |  3.2
Dodging        | |  1.7

Action                     |  1- 3 |  4- 6 || total
---------------------------+-------+-------++-------
  Melee: Dagger            |   111 |   191 ||   302
         Headbutt          |    15 |    25 ||    40
   Cast: Ensorcelled Hiber |    10 |    21 ||    31
         Confusing Touch   |       |     2 ||     2
    Use: Scroll            |       |    11 ||    11
         Potion            |       |     1 ||     1
   Stab: Sleeping          |    12 |    25 ||    37
         Invisible         |       |     1 ||     1
         Confused          |       |     1 ||     1
 Armour: Robe              |    51 |   124 ||   175
  Dodge: Dodged            |    69 |   117 ||   186

Levels and vault maps discovered:
D:1:      lightli_arrival_statue_moat, layout_basic, serial_shops,
          nicolae_shop_pleasant_corner_grove, shop
D:2:      layout_loops_cross, basic_altar, serial_shops,
          nicolae_shop_tiny_waterfront, roderic_serpentine_path,
          reono_crystal_passage, st_stairs_7
D:3:      layout_rooms, uniq_grinder
D:4:      layout_cave_pods, mainiacjoe_overflow_cross_hatched,
          cheibrodos_sewer_entry_drain, minmay_circle_x, uniq_robin
D:5:      layout_gridville, gammafunk_temple_overflow_statue,
          minmay_temple_entry_mini_moons

Notes
Turn   | Place    | Note
-------+----------+-------------------------------------------
     0 | D:1      | kae the Demonspawn Enchanter began the quest for the Orb.
     0 | D:1      | Reached XP level 1. HP: 13/13 MP: 3/3
     0 | D:1      | magus.rc [v1.11.3]
    35 | D:1      | Reached skill level 1 in Short Blades
   357 | D:1      | Gained mutation: You have a pair of small horns on your
                  | head. [demonic ancestry]
   357 | D:1      | Reached XP level 2. HP: 13/19 MP: 5/5
   360 | D:1      | Learned a level 2 spell: Ensorcelled Hibernation
   426 | D:1      | Found Bolim's Assorted Antiques.
   431 | D:1      | Found Weseni's Magic Scroll Shoppe.
   434 | D:1      | Bought an inky potion for 21 gold pieces
   721 | D:2      | Found a basalt altar of Yredelemnul.
   989 | D:2      | Reached XP level 3. HP: 11/24 MP: 6/6
  1000 | D:2      | HP: 3/24 [hobgoblin (4)]
  1100 | D:2      | Reached skill level 3 in Stealth
  1163 | D:2      | Found Juechear's Antique Armour Emporium.
  1325 | D:2      | You add the spells Summon Forest, Eringya's Noxious Bog and
                  | Summon Hydra to your library.
  1799 | D:3      | Reached skill level 2 in Short Blades
  1801 | D:3      | Gained mutation: You have a pair of horns on your head.
                  | [demonic ancestry]
  1801 | D:3      | Reached XP level 4. HP: 30/30 MP: 7/7
  2091 | D:3      | Noticed Grinder
  2447 | D:4      | Reached skill level 1 in Ice Magic
  2475 | D:4      | Gained mutation: You may rarely emit foul miasma when
                  | damaged in melee. [demonic ancestry]
  2475 | D:4      | Reached XP level 5. HP: 10/35 MP: 9/9
  2595 | D:4      | Found a glowing drain.
  2599 | D:4      | Noticed Robin
  2604 | Sewer    | Entered a sewer
  2721 | Sewer    | Reached skill level 4 in Hexes
  3251 | D:3      | Killed Robin
  3365 | D:4      | Found an iron altar of Okawaru.
  3402 | D:4      | Reached skill level 3 in Spellcasting
  3438 | D:4      | Reached skill level 3 in Short Blades
  3438 | D:4      | Gained mutation: You sometimes emit foul miasma when
                  | damaged in melee. [demonic ancestry]
  3438 | D:4      | Reached XP level 6. HP: 27/41 MP: 5/10
  3956 | D:4      | Learned a level 3 spell: Confusing Touch
  3960 | D:4      | Learned a level 3 spell: Tukima's Dance
  3964 | D:4      | Learned a level 3 spell: Dazzling Flash
  4010 | D:5      | Entered Level 5 of the Dungeon
  4124 | D:5      | Noticed an ice beast
  4270 | D:5      | Killed an ice beast
  4445 | D:5      | Slain by an ogre

Vanquished Creatures
  An ice beast (D:5)
  An orc priest (D:4)
  A hound (D:5)
  A jelly (D:4)
  An iguana (D:4)
  An orc wizard (D:4)
  Robin (D:3)
  2 river rats (Sewer)
  8 adders
  A shadow imp (D:5)
  5 worms
  2 dart slugs
  2 orcs (D:4)
  7 ball pythons
  2 endoplasms
  5 giant cockroaches
  12 goblins
  6 hobgoblins
  4 jackals
  2 quokkas (D:2)
  6 bats
  12 frilled lizards
  6 kobolds
  10 rats
99 creatures vanquished.

Table legend:
 A = Non-vault XP
 B = Vault XP
 C = Vault XP percentage of total XP
 D = Non-vault monster count
 E = Vault monster count
 F = Vault count percentage of total count
                 A         B        C        D         E       F
            +---------+---------+-------+---------+---------+-------
      Total |     472 |     159 |  25.2 |      58 |      41 |  41.4
            +---------+---------+-------+---------+---------+-------
        D:1 |      16 |       0 |   0.0 |       8 |       0 |   0.0
        D:2 |      75 |       3 |   3.8 |      20 |       2 |   9.1
        D:3 |      29 |      21 |  42.0 |      14 |       4 |  22.2
        D:4 |     152 |      66 |  30.3 |      11 |      15 |  57.7
        D:5 |     200 |       0 |   0.0 |       5 |       0 |   0.0
      Sewer |       0 |      69 | 100.0 |       0 |      20 | 100.0
            +---------+---------+-------+---------+---------+-------

Skill      XL: |  1  2  3  4  5 |
---------------+----------------+-----
Short Blades   | 1 2 3 |  3.3
Stealth        | 3 |  3.8
Ice Magic      | 1 |  1.9
Hexes          | 4 |  4.6
Spellcasting   | 3 |  3.2
Dodging        | |  1.7

Action                     |  1- 3 |  4- 6 || total
---------------------------+-------+-------++-------
  Melee: Dagger            |   111 |   191 ||   302
         Headbutt          |    15 |    25 ||    40
   Cast: Ensorcelled Hiber |    10 |    21 ||    31
         Confusing Touch   |       |     2 ||     2
    Use: Scroll            |       |    11 ||    11
         Potion            |       |     1 ||     1
   Stab: Sleeping          |    12 |    25 ||    37
         Invisible         |       |     1 ||     1
         Confused          |       |     1 ||     1
 Armour: Robe              |    51 |   124 ||   175
  Dodge: Dodged            |    69 |   117 ||   186

Illustrated notes

Table legend:
 A = Kills in this place as a percentage of kills in the entire game.
 B = Kills by you in this place as a percentage of kills by you in the entire game.
 C = Kills by friends in this place as a percentage of kills by friends in the entire game.
 D = Other kills in this place as a percentage of other kills in the entire game.
 E = Experience gained in this place as a percentage of experience gained in the entire game.
 F = Experience gained in this place divided by the number of levels of this place that you have seen.
                   A       B       C       D       E      F
               +-------+-------+-------+-------+-------+----------------------
         Total | 100.0 | 100.0 |   N/A |   N/A | 100.0 | 105.2
       Dungeon |  79.8 |  79.8 |   N/A |   N/A |  89.1 | 112.4
         Sewer |  20.2 |  20.2 |   N/A |   N/A |  10.9 |  69.0
               +-------+-------+-------+-------+-------+----------------------

Table legend: (Time is in decaauts)
 A = Elapsed time spent in this place.
 B = Non-inter-level travel time spent in this place.
 C = Inter-level travel time spent in this place.
 D = Time resting spent in this place.
 E = Time spent auto-exploring this place.
 F = Levels seen in this place.
 G = Mean time per level.
                   A        B        C        D        E       F      G
               +--------+--------+--------+--------+--------+-----+--------+
         Total |   4470 |   4398 |     72 |    289 |   3069 |   6 |  745.0 |
       Dungeon |   3911 |   3839 |     72 |    256 |   2705 |   5 |  782.2 |
         Sewer |    559 |    559 |      0 |     33 |    364 |   1 |  559.0 |
               +--------+--------+--------+--------+--------+-----+--------+

Top non-repeatable levels by time:
     D:4: 1184 daAuts
     D:2: 1071 daAuts
     D:1: 717 daAuts
     D:3: 581 daAuts
   Sewer: 559 daAuts
     D:5: 356 daAuts
